 Dungeon Crawl Stone Soup version 0.21.1-1-g345015f (webtiles) character file.

109 nicolaieve the Cudgeler (level 4, -4/39 HPs)
             Began as a Minotaur Berserker on July 30, 2018.
             Was a Believer of Trog.
             Killed by divine providence
             ... invoked by an orc priest
              (12 damage)
             ... on level 3 of the Dungeon.
             The game lasted 00:05:58 (1440 turns).

nicolaieve the Cudgeler (Minotaur Berserker)        Turns: 1440, Time: 00:05:58

Health: -4/39      AC: 11    Str: 22    XL:     4   Next: 60%
Magic:  3/3        EV:  7    Int:  4    God:    Trog [**....]
Gold:   125        SH:  0    Dex: 10    Spells: 3/3 levels left

rFire    . . .     SeeInvis .   a - +0 mace
rCold    . . .     Gourm    .   (no shield)
rNeg     . . .     Faith    .   r - +0 plate armour
rPois    .         Spirit   .   (helmet restricted)
rElec    .         Reflect  .   (no cloak)
rCorr    .         Harm     .   (no gloves)
MR       .....                  (no boots)
Stlth    ..........             (no amulet)
HPRegen  0.13/turn              (no ring)
MPRegen  0.08/turn              (no ring)

@: berserk cooldown, slowed, very slow
A: retaliatory headbutt, horns 2
a: Berserk, Trog's Hand, Burn Spellbooks, Renounce Religion


You were on level 3 of the Dungeon.
You worshipped Trog.
Trog was pleased with you.
You were very hungry.

You visited 1 branch of the dungeon, and saw 3 of its levels.

You collected 125 gold pieces.

Inventory:

Hand Weapons
 a - a +0 mace (weapon)
Armour
 r - a +0 plate armour (worn)
Jewellery
 i - an uncursed ring of protection from fire {unknown}
 n - an uncursed amulet of magic regeneration {unknown}
Scrolls
 b - 2 scrolls of identify {unknown}
 d - a scroll of amnesia {unknown}
 e - 3 scrolls of fear {unknown}
 f - a scroll of magic mapping {unknown}
 h - a scroll of fog {unknown}
 j - a scroll of teleportation {unknown}
 l - a scroll of blinking {unknown}
 o - a scroll of enchant armour {unknown}
 p - a scroll of remove curse {unknown}
Potions
 g - 2 potions of haste {unknown}
 k - a potion of mutation {unknown}
 m - a potion of heal wounds {unknown}
Comestibles
 c - 3 rations
 q - 6 chunks of flesh


   Skills:
 - Level 3.6 Fighting
 + Level 6.5 Maces & Flails
 - Level 2.4 Armour
 - Level 2.1 Dodging


You had 3 spell levels left.
You didn't know any spells.

Dungeon Overview and Level Annotations

Branches:
Dungeon (3/15)

Altars:
Cheibriados
Fedhas
Qazlal
Ru


Innate Abilities, Weirdness & Mutations

You reflexively headbutt those who attack you in melee.
You have a pair of horns on your head.


Message History

You hit the orc.
The orc is heavily wounded.
You feel the effects of Trog's Hand fading.
The orc hits you. The orc barely misses you.
You hit the orc.
You kill the orc!
Trog accepts your kill.
The orc priest calls down the wrath of Beogh upon you.
Beogh smites you!
* * * LOW HITPOINT WARNING * * *
The rat closely misses you.
Items here: ( )))) [ †
Okay, then.
Okay, then.
Your skin stops crawling.
You feel less resistant to hostile enchantments.
The rat bites you but does no damage.
The orc priest mumbles some strange prayers to Beogh against you.
Beogh smites you!
You die...

#### ######## .....
#......#
......#####......####
.....oror.@...........>#
#
.....l###)#......#####.#
# .....
#.#......#####.#### ....
#.#..........#.#... ...
#.#..........#.#.#. ..
#.#..........#.#... .
#.#......))).#.####
#.#......).........
#######....#.####


You could see an orc priest, an orc, a leopard gecko, a quokka and a rat.

Vanquished Creatures
  An orc wizard (D:3)
  An adder (D:2)
  2 worms
  2 dart slugs
  2 leopard geckos (D:1)
  8 orcs (D:3)
  3 giant cockroaches (D:1)
  6 goblins
  6 hobgoblins
  3 jackals (D:1)
  5 kobolds
  A ball python (D:1)
  6 bats
  3 frilled lizards
  4 rats
53 creatures vanquished.

Notes
Turn   | Place    | Note
-------+----------+-------------------------------------------
     0 | D:1      | nicolaieve the Minotaur Berserker began the quest for the Orb.
     0 | D:1      | Reached XP level 1. HP: 19/19 MP: 0/0
    10 | D:1      | Reached skill level 4 in Maces & Flails
    61 | D:1      | Reached XP level 2. HP: 14/26 MP: 1/1
   177 | D:1      | Reached skill level 5 in Maces & Flails
   348 | D:1      | Reached XP level 3. HP: 28/31 MP: 2/2
   407 | D:1      | Reached ** piety under Trog
   718 | D:2      | Found a stormy altar of Qazlal.
   718 | D:2      | Found a blossoming altar of Fedhas.
  1191 | D:2      | Found a sacrificial altar of Ru.
  1191 | D:2      | Found a snail-covered altar of Cheibriados.
  1366 | D:3      | Reached skill level 6 in Maces & Flails
  1366 | D:3      | Reached XP level 4. HP: 34/39 MP: 3/3
  1440 | D:3      | Killed from afar by an orc priest

Skill      XL: |  1  2  3 |
---------------+----------+-----
Maces & Flails | 4 5 6 |  6.5
Fighting       | |  3.6
Armour         | |  2.4
Dodging        | |  2.1

Action                   |  1- 3 |  4- 6 || total
-------------------------+-------+-------++-------
Melee: Mace              |    96 |    26 ||   122
       Headbutt          |    13 |     6 ||    19
Invok: Berserk           |       |     1 ||     1
       Trog's Hand       |       |     1 ||     1
  Eat: Chunk             |     1 |     1 ||     2
Armor: Leather armour    |    26 |     1 ||    27
       Animal skin       |     1 |       ||     1
       Plate armour      |       |    17 ||    17
Dodge: Dodged            |    64 |     7 ||    71
